 Dungeon Crawl Stone Soup version 0.32-a0-571-gec57dfcd37 (webtiles) character file.

Game seed: 2751575486483401735

1710 ezpacito the Trooper (level 8, -7/59 (61) HPs)
             Began as a Demonspawn Chaos Knight on Feb 29, 2024.
             Was a Plaything of Xom.
             Mangled by a wight
             ... wielding a +4 falchion of freezing
              (20 damage)
             ... on level 6 of the Dungeon.
             The game lasted 00:08:11 (4364 turns).

ezpacito the Trooper (Demonspawn Chaos Knight)      Turns: 4364, Time: 00:08:11

HP:   -7/59 (61)    AC:  9    Str: 14    XL:     8   Next: 74%
MP:   12/12         EV: 12    Int: 14    God:    Xom [..*...]
Gold: 473           SH:  0    Dex: 12    Spells: 3/13 levels left

rFire   + . .        a - +0 hand axe (chaos)
rCold   . . .        (no shield)
rNeg    . . .        b - +2 leather armour
rPois   .            (helmet restricted)
rElec   .            k - +0 cloak
rCorr   .            d - +0 pair of gloves
SInv    .            g - +0 pair of boots
Will    +....        (no amulet)
Stlth   ++           W - ring of wizardry
HPRegen 0.29/turn    (no ring)
MPRegen 0.13/turn

%: wizardry (x1)
@: wreathed by umbra, lightly drained
A: horns 2, molten scales 1, foul shadow 1, deformed body, fire resistance 1,
strong-willed 1, mutation resistance 1, passive freeze, MP-powered wands
a: Renounce Religion


You were on level 6 of the Dungeon.
You worshipped Xom.
You were a toy of Xom.
You visited 2 branches of the dungeon, and saw 7 of its levels.

You collected 473 gold pieces.

Inventory:

Hand Weapons
 a - a +0 hand axe of chaos (weapon)
 q - a +3 trident of draining
 r - a +1 antimagic lajatang
Missiles
 e - 5 boomerangs
 m - 5 poisoned darts (quivered)
 u - a silver javelin
Armour
 b - a +2 leather armour (worn)
 d - a +0 pair of gloves (worn)
 g - a +0 pair of boots (worn)
 i - an orb of guile
 k - a +0 cloak (worn)
 p - a +1 plate armour
Magical Staves
 s - a staff of alchemy
Jewellery
 W - a ring of wizardry (left hand)
Scrolls
 c - a scroll of butterflies
 h - a scroll of amnesia
 j - a scroll of enchant armour
 t - 2 scrolls of noise
 v - a scroll of torment
 B - a scroll of blinking
Potions
 f - 2 potions of attraction
 l - 2 potions of heal wounds
 n - a potion of resistance
 o - 2 potions of lignification {unknown}


   Skills:
 * Level 4.6 Fighting
 * Level 4.3(4.6) Axes
 + Level 2.0(3.4) Polearms
 * Level 3.6 Armour
 * Level 3.3 Dodging
 + Level 2.4 Stealth
 * Level 3.0 Unarmed Combat
 * Level 3.0 Spellcasting
 + Level 0.9 Hexes
 + Level 1.9 Summonings
 * Level 3.0 Necromancy
 + Level 1.1 Translocations
 + Level 0.8 Fire Magic
 + Level 1.8 Alchemy
 + Level 1.7 Evocations


You had 3 spell levels left.
You knew the following spells:

 Your Spells              Type           Power      Damage    Failure   Level
a - Call Imp              Summ           14%        N/A       8%          2
b - Inner Flame           Hex/Fire       4%         N/A       21%         3
c - Volatile Blastmotes   Fire/Tloc      8%         2d10      21%         3
m - Sublimation of Blood  Necr           10%        N/A       4%          2

Your spell library contained the following spells:

 Spells                   Type           Power      Damage    Failure   Level
 Fulminant Prism          Conj/Alch      2%         3d5       56%         4
 Leda's Liquefaction      Alch/Erth      2%         N/A       56%         4
 Iskenderun's Mystic Bla  Conj/Tloc      3%         2d3       58%         4
 Irradiate                Conj/Alch      2%         3d12      87%         5
 Lee's Rapid Deconstruct  Erth           1%         3d4*      94%         5
 Bombard                  Conj/Erth      1%         9d1       100%        6
 Summon Hydra             Summ           3%         N/A       100%        7
 Ignition                 Fire           2%         3d3       100%        8


Dungeon Overview and Level Annotations

Branches:
Dungeon (6/15)             Temple (1/1) D:5

Altars:
Ashenzari
Cheibriados
Fedhas
Gozag
Hepliaklqana
Makhleb
Nemelex Xobeh
Okawaru
Qazlal
Ru
Sif Muna
Trog
Uskayaw
Yredelemnul


Innate Abilities, Weirdness & Mutations

You have a pair of horns on your head.
You are partially covered in molten scales. (AC +2)
You are faintly shadowed, very rarely releasing foul flame when damaged in melee.
Armour fits poorly on your strangely shaped body.
Your flesh is heat resistant. (rF+)
You are strong-willed. (Will+)
You are somewhat resistant to further mutation.
A frigid envelope surrounds you and freezes all who hurt you.
You expend magic power (3 MP) to strengthen your wands.


Message History

The wight hits your animated leather armour with a +4 falchion of freezing!
The wight freezes your animated leather armour.
Your animated leather armour hits the wight but does no damage.
Your animated leather armour closely misses the wight.
The wight hits your animated leather armour with a +4 falchion of freezing!
The wight freezes your animated leather armour.
Your animated leather armour hits the wight but does no damage. x2
Your animated leather armour disappears in a puff of smoke!
Items here: )) [[.
You closely miss the wight.
The wight is moderately damaged.
The wight hits you with a +4 falchion of freezing.
The wight freezes you.
The wight resists.
The wight is very cold.
The wight is moderately damaged.
You take 4 damage, and have 50/61 hp.
You hit the wight.
The wight seems to grow stronger.
Xom thinks this is hilarious!
The wight is heavily damaged.
The wight misses you.
You hit the wight but do no damage.
The wight is heavily damaged.
The wight hits you with a +4 falchion of freezing!
You feel drained. The wight freezes you.
The wight resists.
The wight is very cold.
The wight is heavily damaged.
You take 11 damage, and have 39/59 hp.
You hit the wight but do no damage.
The wight is heavily damaged.
The wight hits you with a +4 falchion of freezing!!
A shower of butterflies erupts from you!
The wight freezes you!
* * * LOW HITPOINT WARNING * * *
The wight completely resists.
The wight resists.
The wight is seared by the foul flame within you.
The wight is severely damaged.
You take 26 damage, and have 13/59 hp.
MASSIVE DAMAGE!!
You hit the wight but do no damage.
The acid corrodes the wight!
The wight is severely damaged.
The wight hits you with a +4 falchion of freezing!!
You die...

####### ##......#
#####.# #.#.######
#.z@b.# #........#
#.###b###.#.####>#
#.#
##...##.####.###
#..
##.###.....)...
#### #.#
######)### ##ß##
#.# #)# ß...ß #.#
#)# .....#### #.#
..../_ #.#


You could see a wight (strong, corroded, ally target).

Vanquished Creatures
  A water moccasin (D:5)
  An ice beast (D:5)
  3 ogres (D:5)
  A phantom (D:5)
  2 wights (D:6)
  4 killer bees (D:6)
  3 orc priests
  Crazy Yiuf (D:2)
  3 hounds (D:5)
  2 jellies
  Jessica (D:3)
  4 orc wizards
  2 iguanas
  A gnoll (D:1)
  10 adders
  A white imp (D:5)
  2 dart slugs
  2 ribbon worms
  19 orcs
  7 bats
  4 endoplasms
  2 giant cockroaches
  4 goblins (D:2)
  12 kobolds
  3 quokkas
  5 ball pythons
  4 frilled lizards
  6 rats
110 creatures vanquished.

Vanquished Creatures (collateral kills)
  Jeremiah (D:6)
  An orc (D:6)
2 creatures vanquished.

Vanquished Creatures (others)
  An orc (D:6)
1 creature vanquished.

Grand Total: 113 creatures vanquished

Notes
Turn   | Place    | Note
-------+----------+-------------------------------------------
     0 | D:1      | ezpacito the Demonspawn Chaos Knight began the quest for
                  | the Orb.
     0 | D:1      | Reached XP level 1. HP: 18/18 MP: 1/1
   518 | D:1      | Gained mutation: You are partially covered in molten
                  | scales. (AC +2) [demonic ancestry]
   518 | D:1      | Reached XP level 2. HP: 24/24 MP: 2/2
   655 | D:1      | Reached skill level 1 in Dodging
  1100 | D:2      | Gained mutation: You are faintly shadowed, very rarely
                  | releasing foul flame when damaged in melee. [demonic
                  | ancestry]
  1100 | D:2      | Reached XP level 3. HP: 29/29 MP: 2/4
  1143 | D:2      | XOM: god gift: stone
  1216 | D:2      | Found a faded altar of an unknown god.
  1312 | D:2      | Reached skill level 1 in Stealth
  1329 | D:2      | XOM: cloud trail
  1389 | D:2      | XOM: give mutations
  1389 | D:2      | Gained mutation: You are dopey. (Int -2) [Xom's mischief]
  1389 | D:2      | Gained mutation: A frigid envelope surrounds you and
                  | freezes all who hurt you. [Xom's mischief]
  1407 | D:2      | XOM: summons 2 hostile shadow creatures
  1607 | D:2      | Found a runed translucent door.
  1608 | D:2      | Noticed Crazy Yiuf
  1779 | D:2      | Killed Crazy Yiuf
  1780 | D:2      | Reached skill level 1 in Unarmed Combat
  1780 | D:2      | Reached skill level 1 in Spellcasting
  1780 | D:2      | Gained mutation: You have a pair of small horns on your
                  | head. [demonic ancestry]
  1780 | D:2      | Reached XP level 4. HP: 35/35 MP: 5/5
  1883 | D:3      | Noticed Jessica
  1892 | D:3      | Killed Jessica
  2030 | D:3      | XOM: 5-stop teleportation journey
  2104 | D:3      | Reached XP level 5. HP: 41/41 MP: 6/6
  2343 | D:3      | Learned a level 2 spell: Call Imp
  2346 | D:3      | Learned a level 2 spell: Sublimation of Blood
  2528 | D:4      | Reached skill level 1 in Polearms
  2547 | D:4      | Reached XP level 6. HP: 29/47 MP: 8/8
  2694 | D:4      | Found a shimmering blue altar of Sif Muna.
  2746 | D:4      | Reached skill level 1 in Necromancy
  2770 | D:4      | Found an opulent altar of Gozag.
  3055 | D:5      | Entered Level 5 of the Dungeon
  3088 | D:5      | XOM: butterfly on damage
  3156 | D:5      | Noticed an ice beast
  3175 | D:5      | Reached skill level 1 in Summonings
  3190 | D:5      | Noticed a water moccasin
  3192 | D:5      | XOM: enchant monster (bad)
  3209 | D:5      | Killed a water moccasin
  3210 | D:5      | Reached skill level 1 in Evocations
  3210 | D:5      | Gained mutation: You have a pair of horns on your head.
                  | [demonic ancestry]
  3210 | D:5      | Reached XP level 7. HP: 17/53 MP: 10/10
  3291 | D:4      | XOM: give mutations
  3291 | D:4      | Gained mutation: Armour fits poorly on your strangely
                  | shaped body. [Xom's mischief]
  3291 | D:4      | Lost mutation: You are dopey. (Int -2) [Xom's mischief]
  3349 | D:5      | Reached skill level 1 in Alchemy
  3359 | D:5      | Learned a level 3 spell: Inner Flame
  3363 | D:5      | Learned a level 3 spell: Volatile Blastmotes
  3465 | D:5      | Found a staircase to the Ecumenical Temple.
  3474 | Temple   | Entered the Ecumenical Temple
  3513 | D:5      | Found a blossoming altar of Fedhas.
  3526 | D:5      | XOM: potion effect (might)
  3540 | D:5      | Found a burning altar of Makhleb.
  3549 | D:5      | Reached XP level 8. HP: 47/60 MP: 11/11
  3834 | D:6      | Noticed Jeremiah
  3849 | D:6      | XOM: cast spell 'Discord'
  3864 | D:6      | Killed Jeremiah
  3906 | D:6      | Reached skill level 1 in Translocations
  4023 | D:6      | Found a broken altar of Ashenzari.
  4036 | D:6      | XOM: god gift: silver javelin
  4262 | D:6      | XOM: give mutations
  4262 | D:6      | Gained mutation: You expend magic power (3 MP) to
                  | strengthen your wands. [Xom's grace]
  4262 | D:6      | Gained mutation: You are somewhat resistant to further
                  | mutation. [Xom's grace]
  4262 | D:6      | Gained mutation: You are strong-willed. (Will+) [Xom's
                  | grace]
  4262 | D:6      | Gained mutation: Your flesh is heat resistant. (rF+) [Xom's
                  | grace]
  4347 | D:6      | XOM: cast spell 'Animate Armour'
  4348 | D:6      | Found a stormy altar of Qazlal.
  4363 | D:6      | XOM: butterfly on damage
  4364 | D:6      | Mangled by a wight

Illustrated notes

Levels and vault maps discovered:
D:1:      minmay_arrival_diagonal_passages, layout_basic
D:2:      layout_rooms, shapermc_ecumenical_altar_notcrosses,
          uniq_crazy_yiuf_cottage
D:3:      layout_rooms, minmay_strange_pillars, minivault_4, uniq_jessica
D:4:      layout_basic, nicolae_gozag_seed_capital,
          nicolae_sif_muna_little_library
D:5:      layout_rooms, good_gods_temple_1, mainiacjoe_overflow_large_starburst,
          minmay_temple_entry_antechambers, minmay_gold_behind_fungi
D:6:      cheibrodos_thug_alley, layout_loops_ring,
          nicolae_overflow_crystal_walls, nicolae_overflow_hidden_temple,
          serial_shops, shop, st_stairs_14, uniq_jeremiah, uniq_maggie
Temple:   nicolae_temple_two_arcs

Skill      XL: |  1  2  3  4  5  6  7  8 |
---------------+-------------------------+-----
Dodging        | 1 2 3 |  3.3
Armour         | 2 3 |  3.6
Axes           | 3 4 |  4.3
Stealth        | 1 2 |  2.4
Unarmed Combat | 1 2 3 |  3.0
Spellcasting   | 1 2 3 |  3.0
Polearms       | 1 2 |  2.0
Necromancy     | 1 2 3 |  3.0
Summonings     | 1 |  1.9
Evocations     | 1 |  1.7
Fighting       | 4 |  4.6
Alchemy        | 1 |  1.8
Translocations | 1 |  1.1
Hexes          | |  0.9
Fire Magic     | |  0.8

Action                     |  1- 3 |  4- 6 |  7- 9 || total
---------------------------+-------+-------+-------++-------
  Melee: Hand axe          |   104 |   111 |    74 ||   289
         Headbutt          |       |    24 |    17 ||    41
  Throw: Dart              |     1 |       |       ||     1
   Cast: Call Imp          |       |       |     3 ||     3
    Use: Scroll            |     3 |    10 |     1 ||    14
         Potion            |       |     8 |       ||     8
   Stab: Sleeping          |       |     1 |     1 ||     2
         Confused          |       |       |     1 ||     1
         Distracted        |       |       |     1 ||     1
 Armour: Leather armour    |    57 |    81 |    42 ||   180
  Dodge: Dodged            |    79 |    88 |    51 ||   218

Table legend: (Time is in decaauts)
 A = Elapsed time spent in this place.
 B = Non-inter-level travel time spent in this place.
 C = Inter-level travel time spent in this place.
 D = Time resting spent in this place.
 E = Time spent auto-exploring this place.
 F = Levels seen in this place.
 G = Mean time per level.
                   A        B        C        D        E       F      G
               +--------+--------+--------+--------+--------+-----+--------+
         Total |   4402 |   4136 |    266 |    229 |   3026 |   7 |  628.9 |
       Dungeon |   4400 |   4135 |    265 |    229 |   3026 |   6 |  733.3 |
        Temple |      1 |      1 |      0 |      0 |      0 |   1 |    1.0 |
               +--------+--------+--------+--------+--------+-----+--------+

Top non-repeatable levels by time:
     D:1: 1106 daAuts
     D:2: 766 daAuts
     D:4: 761 daAuts
     D:5: 659 daAuts
     D:3: 573 daAuts
     D:6: 533 daAuts
  Temple: 1 daAuts
